 Dungeon Crawl Stone Soup version 0.30-a0-414-gcb316572d5 (webtiles) character file.

Game seed: 4644891730842434312

49 Sabo the Digger (level 3, 0/19 HPs)
             Began as a Gargoyle Earth Elementalist on Dec 7, 2022.
             Slain by Robin
             ... wielding a +0 spear
              (2 damage)
             ... on level 2 of the Dungeon.
             The game lasted 00:08:33 (1367 turns).

Sabo the Digger (Gargoyle Earth Elementalist)       Turns: 1367, Time: 00:08:33

Health: 0/19       AC:  7    Str: 11    XL:     3   Next: 75%
Magic:  3/7        EV: 12    Int: 17    God:
Gold:   98         SH:  0    Dex: 10    Spells: 6/7 levels left

rFire   . . .      SeeInvis .    d - +0 spear
rCold   . . .      Faith    .    (no shield)
rNeg    + . .      Spirit   .    a - +0 robe
rPois   ∞          Reflect  .    (no helmet)
rElec   +          Harm     .    (no cloak)
rCorr   .          Rampage  .    h - +0 pair of gloves
Will    .....                    m - +0 pair of boots
Stlth   ++........               (no amulet)
HPRegen 0.23/turn                (no ring)
MPRegen 0.10/turn                (no ring)

@: no status effects
A: sickness immunity, AC +3, negative energy resistance 1, electricity
resistance, torment resistance 1, petrification resistance
a: no special abilities


You were on level 2 of the Dungeon.
You visited 1 branch of the dungeon, and saw 2 of its levels.

You collected 98 gold pieces.

Inventory:

Hand Weapons
 d - a +0 spear (weapon)
Missiles
 f - 2 throwing nets
 i - 9 poisoned darts (quivered)
Armour
 a - a +0 robe (worn)
 c - a +0 leather armour of positive energy
 h - a +0 pair of gloves (worn)
 m - a +0 pair of boots (worn)
Scrolls
 g - 2 scrolls of identify {unknown}
 j - a scroll of enchant armour {unknown}
Potions
 b - a potion of magic
 e - a potion of flight {unknown}
 k - a potion of mutation {unknown}
 l - a potion of might {unknown}


   Skills:
 + Level 0.2 Polearms
 + Level 1.7 Dodging
 + Level 2.8 Stealth
 + Level 2.8 Spellcasting
 + Level 0.7 Transmutations
 + Level 4.2 Earth Magic


You had 6 spell levels left.
You knew the following spells:

 Your Spells              Type           Power      Damage    Failure   Level
a - Sandblast             Erth           32%        2d9       3%          1

Your spell library contained the following spells:

 Spells                   Type           Power      Damage    Failure   Level
 Passwall                 Tmut/Erth      8%         N/A       10%         2
 Stone Arrow              Conj/Erth      18%        3d8       22%         3
 Poisonous Vapours        Pois/Air       4%         N/A       26%         2
 Gell's Gravitas          Tloc           2%         N/A       47%         3
 Lesser Beckoning         Tloc           4%         N/A       47%         3
 Mephitic Cloud           Conj/Pois/Air  2%         N/A       47%         3
 Teleport Other           Tloc           2%         N/A       47%         3
 Petrify                  Tmut/Erth      10%        N/A       54%         4
 Cigotuvi's Dreadful Rot  Necr/Pois/Air  Unusable   N/A       N/A         2

Dungeon Overview and Level Annotations

Branches:
Dungeon (2/15)

Altars:

Annotations:
D:2 Robin


Innate Abilities, Weirdness & Mutations

You are immune to sickness and miasma.
Your stone body is resilient. (AC +3)
You are immune to poison.
You resist negative energy. (rN+)
You are resistant to electric shocks. (rElec)
You are resistant to unholy torment.
You are immune to petrification.


Message History

Aiming: Sandblast (safe; 3% risk of failure)
Press: ? - help, Shift-Dir - straight line, f/p - worm
Aim: a worm (heavily wounded, 94% to hit)
The blast of sand hits the worm!
The worm is almost dead.
Robin closely misses you. The worm bites you.
* * * LOW HITPOINT WARNING * * *
Robin closely misses you.
Casting: Sandblast (safe; 3% risk of failure)
Confirm with . or Enter, or press ? or * to list all spells.
Aiming: Sandblast (safe; 3% risk of failure)
Press: ? - help, Shift-Dir - straight line, f/p - worm
Aim: a worm (almost dead, 94% to hit)
The blast of sand hits the worm!
You kill the worm!
Robin hits you from afar with a +0 spear.
* * * LOW HITPOINT WARNING * * *
Casting: Sandblast (safe; 3% risk of failure)
Confirm with . or Enter, or press ? or * to list all spells.
Aiming: Sandblast (safe; 3% risk of failure)
Press: ? - help, Shift-Dir - straight line, f - Robin
Aim: Robin, wielding a +0 spear, wearing a +0 animal skin and wearing a +0 helmet (87% to hit)
The blast of sand hits Robin.
Robin is moderately wounded.
Robin closely misses you. x2
Casting: Sandblast (safe; 3% risk of failure)
Confirm with . or Enter, or press ? or * to list all spells.
Aiming: Sandblast (safe; 3% risk of failure)
Press: ? - help, Shift-Dir - straight line, f/p - Robin
Aim: Robin, wielding a +0 spear, wearing a +0 animal skin and wearing a +0 helmet (moderately wounded, 87% to hit)
The blast of sand hits Robin.
Robin is heavily wounded.
Robin hits you but does no damage.
Throw: 10 darts (poison)
Press: ? - help, Q - select action, (/) - cycle Shift-Dir - straight line, f/p - Robin
Aim: Robin, wielding a +0 spear, wearing a +0 animal skin and wearing a +0 helmet (heavily wounded, 62% to hit)
You throw a poisoned dart. The poisoned dart barely misses Robin.
The poisoned dart hits the hobgoblin.
Robin hits you from afar with a +0 spear.
You die...

...gg. ##g#gg# ..g...
....## ##.w.. ....
...####g#############
.......ggg)@........#
...####.###########.#
...# #....#
###.########.####
#........#.#
#.#####..........#
..#............###
#.###...............#
#.....#.............#


You could see Robin, a hobgoblin (strong) and 2 goblins.

Vanquished Creatures
  2 adders (D:2)
  A worm (D:2)
  6 bats
  4 endoplasms
  3 giant cockroaches
  A goblin (D:1)
  A hobgoblin (D:2)
  3 kobolds (D:2)
  3 ball pythons
  2 frilled lizards
  2 rats (D:1)
28 creatures vanquished.

Notes
Turn   | Place    | Note
-------+----------+-------------------------------------------
     0 | D:1      | Sabo the Gargoyle Earth Elementalist began the quest for
                  | the Orb.
     0 | D:1      | Reached XP level 1. HP: 10/10 MP: 3/3
   279 | D:1      | Reached XP level 2. HP: 15/15 MP: 0/5
  1070 | D:2      | Reached skill level 4 in Earth Magic
  1128 | D:2      | Reached XP level 3. HP: 17/19 MP: 3/6
  1347 | D:2      | Noticed Robin
  1367 | D:2      | Slain by Robin

Illustrated notes

Levels and vault maps discovered:
D:1:      dpeg_arrival_pits, layout_loops_ring
D:2:      layout_basic, minmay_pentomino_u2, uniq_robin

Skill      XL: |  1  2 |
---------------+-------+-----
Earth Magic    | 4 |  4.2
Polearms       | |  0.2
Dodging        | |  1.7
Stealth        | |  2.8
Spellcasting   | |  2.8
Transmutations | |  0.7

Action                   || total
-------------------------++-------
Melee: Spear             ||    38
Throw: Dart              ||     1
 Cast: Sandblast         ||    36
  Use: Potion            ||     1
Armor: Robe              ||    16
Dodge: Dodged            ||    43

Table legend: (Time is in decaauts)
 A = Elapsed time spent in this place.
 B = Non-inter-level travel time spent in this place.
 C = Inter-level travel time spent in this place.
 D = Time resting spent in this place.
 E = Time spent auto-exploring this place.
 F = Levels seen in this place.
 G = Mean time per level.
                   A        B        C        D        E       F      G
               +--------+--------+--------+--------+--------+-----+--------+
         Total |   1388 |   1388 |      0 |    321 |      0 |   2 |  694.0 |
       Dungeon |   1388 |   1388 |      0 |    321 |      0 |   2 |  694.0 |
               +--------+--------+--------+--------+--------+-----+--------+

Top non-repeatable levels by time:
     D:1: 855 daAuts
     D:2: 532 daAuts
